 Dungeon Crawl Stone Soup version 0.31-a0-1278-g11c5b68f87 (webtiles) character file.

Game seed: 13817257323534188214

7 voltaire321 the Digger (level 2, 0/18 HPs)
             Began as an Octopode Earth Elementalist on Dec 17, 2023.
             Slain by a ball python (2 damage)
             ... on level 1 of the Dungeon.
             The game lasted 00:00:32 (226 turns).

voltaire321 the Digger (Octopode Earth Elementalist) Turns: 226, Time: 00:00:33

Health: 0/18       AC:  1    Str:  7    XL:     2   Next: 4%
Magic:  1/5        EV: 10    Int: 17    God:
Gold:   26         SH:  0    Dex: 12    Spells: 4/5 levels left

rFire   . . .        c - +0 dagger
rCold   . . .        (no shield)
rNeg    . . .        (helmet restricted)
rPois   .            (no amulet)
rElec   .            (no ring)
rCorr   .            (no ring)
SInv    .            (no ring)
Will    .....        (no ring)
Stlth   +++          (no ring)
HPRegen 0.23/turn    (no ring)
MPRegen 0.09/turn    (no ring)
                     (no ring)

%: no passive effects
@: constricted
A: almost no armour, amphibious, 8 rings, camouflage 1, gelatinous body 1,
(nimble swimmer 1), tentacles
a: no special abilities


You were on level 1 of the Dungeon.
You visited 1 branch of the dungeon, and saw 1 of its levels.

You collected 26 gold pieces.

Inventory:

Hand Weapons
 c - a +0 dagger (weapon)
Scrolls
 b - a scroll of vulnerability {unknown}
Potions
 a - a potion of magic


   Skills:
 + Level 0.4 Fighting
 + Level 2.1 Dodging
 + Level 2.9 Stealth
 + Level 2.1 Spellcasting
 - Level 1.0 Transmutations
 + Level 3.1 Earth Magic


You had 4 spell levels left.
You knew the following spells:

 Your Spells              Type           Power      Damage    Failure   Level
a - Sandblast             Erth           24%        2d8       5%          1

Your spell library contained the following spells:

 Spells                   Type           Power      Damage    Failure   Level
 Passwall                 Tmut/Erth      6%         N/A       12%         2
 Stone Arrow              Conj/Erth      14%        3d7       30%         3
 Petrify                  Tmut/Erth      8%         N/A       63%         4
 Brom's Barrelling Bould  Conj/Erth      7%         2d3       69%         4


Dungeon Overview and Level Annotations

Branches:
Dungeon (1/15)

Altars:


Innate Abilities, Weirdness & Mutations

You cannot wear most types of armour.
You are amphibious.
You can wear up to eight rings at the same time.
Your skin changes colour to match your surroundings (Stealth+).
Your rubbery body absorbs attacks. (AC +1, EV +1)
((You are camouflaged when in or above water. (Stealth+)))
You have tentacles for arms and can constrict up to eight enemies at once.


Message History

Aim: a ball python (80% to hit)
The blast of sand hits the ball python!
You kill the ball python!
You hit the endoplasm but do no damage. The endoplasm freezes you.
You are frozen.
You hit the endoplasm.
The endoplasm is moderately wounded.
The ball python bites you. The ball python closely misses you.
The quokka twitches its whiskers.
The ball python closely misses you. The ball python barely misses you.
The endoplasm closely misses you.
You hit the endoplasm.
The endoplasm is almost dead.
The ball python barely misses you. x2
The endoplasm freezes you.
You are frozen.
You hit the endoplasm.
You kill the endoplasm!
The quokka barely misses you. The ball python completely misses you.
The ball python closely misses you. The quokka barely misses you.
You have reached level 2!
You completely miss the quokka. You grab the quokka. You squeeze the quokka.
The quokka is almost dead.
You constrict the quokka, but do no damage.
The ball python barely misses you. The ball python grabs you.
The ball python constricts you. The quokka bites you.
* * * LOW HITPOINT WARNING * * *
You completely miss the quokka.
You squeeze the quokka, but do no damage.
The quokka is almost dead.
You constrict the quokka, but do no damage.
The ball python barely misses you. The ball python constricts you.
The quokka bites you.
* * * LOW HITPOINT WARNING * * *
You hit the quokka but do no damage.
The quokka is almost dead.
You constrict the quokka, but do no damage.
The ball python bites you.
You die...

#.####### #.##
#..## ####...#
#......#
#......#
###......######
∩..∩..∩..8..∩.#
.......@..(....
.......Sr.....#
♣..∩..∩†....8#.
.............#
.............+
♣..∩..∩..∩..♣#
.............#
.............#
♣..∩..∩..∩^.∩#


You could see a quokka and a ball python.

Vanquished Creatures
  A ball python (D:1)
  2 bats (D:1)
  An endoplasm (D:1)
  A goblin (D:1)
  A hobgoblin (D:1)
6 creatures vanquished.

Notes
Turn   | Place    | Note
-------+----------+-------------------------------------------
     0 | D:1      | voltaire321 the Octopode Earth Elementalist began the quest
                  | for the Orb.
     0 | D:1      | Reached XP level 1. HP: 11/11 MP: 3/3
   224 | D:1      | Reached XP level 2. HP: 8/18 MP: 1/5
   226 | D:1      | Slain by a ball python

Illustrated notes

Levels and vault maps discovered:
D:1:      wheals_arrival_linesprint, layout_basic,
          hellmonk_ecumenical_altar_arch_garden

Action                     || total
---------------------------++-------
  Melee: Dagger            ||     7
         Tentacles         ||     4
         Unarmed           ||     2
         Constrict         ||     2
   Cast: Sandblast         ||     7
 Armour: Skin              ||     5
  Dodge: Dodged            ||    13

Table legend: (Time is in decaauts)
 A = Elapsed time spent in this place.
 B = Non-inter-level travel time spent in this place.
 C = Inter-level travel time spent in this place.
 D = Time resting spent in this place.
 E = Time spent auto-exploring this place.
 F = Levels seen in this place.
 G = Mean time per level.
                   A        B        C        D        E       F      G
               +--------+--------+--------+--------+--------+-----+--------+
         Total |    229 |    229 |      0 |      0 |    185 |   1 |  229.0 |
       Dungeon |    229 |    229 |      0 |      0 |    185 |   1 |  229.0 |
               +--------+--------+--------+--------+--------+-----+--------+

Top non-repeatable levels by time:
     D:1: 229 daAuts
